 Dungeon Crawl Stone Soup version 0.31-a0-1009-g454b1f1e0a (webtiles) character file.

Game seed: 17841683947820801884

28773 DavidChitty2 the Severer (level 13, 31/117 HPs)
             Began as a Minotaur Fighter on Sept 27, 2023.
             Was a High Priest of Okawaru.
             Quit the game on level 4 of the Lair of Beasts on Nov 13, 2023.
             The game lasted 00:18:57 (12372 turns).

DavidChitty2 the Severer (Minotaur Fighter)        Turns: 12372, Time: 00:18:58

Health: 31/117     AC: 32    Str: 27    XL:     13   Next: 11%
Magic:  10/27      EV: 11    Int:  7    God:    Okawaru [*****.]
Gold:   972        SH:  7    Dex:  9    Spells: 12/12 levels left

rFire   + . .        b - +12 morningstar of Biexuzor {speed, Int+2}
rCold   + . .        c - +0 buckler
rNeg    . . .        q - +18 Lear's hauberk
rPois   .            (helmet currently unavailable)
rElec   .            h - scarf {rC+ rF+}
rCorr   .            (gloves currently unavailable)
SInv    .            (boots currently unavailable)
Will    .....        g - amulet of guardian spirit Stlth
                     f - ring of magical power
HPRegen 0.39/turn    (no ring)
MPRegen 0.20/turn

%: guardian spirit
@: mildly poisoned (31 -> 28), heroic, finesse-ful, studying Dodging
A: horns 2, retaliatory headbutt
a: Renounce Religion, Heroism, Finesse, Duel


You were on level 4 of the Lair of Beasts.
You worshipped Okawaru.
Okawaru was extremely pleased with you.
You visited 3 branches of the dungeon, and saw 15 of its levels.
You also visited: Volcano.

You collected 972 gold pieces.

Inventory:

Hand Weapons
 a - the +8 broad axe of the Devouring Gods {spect, Drain Dex+7}
   (Okawaru gifted it to you on level 1 of the Lair of Beasts)

   Dex+7:     It affects your dexterity (+7).
   Drain:     It drains your maximum health when unequipped.
 b - the +12 morningstar of Biexuzor (weapon) {speed, Int+2}
   (You found it on level 10 of the Dungeon)

   Int+2:     It affects your intelligence (+2).
Missiles
 i - a throwing net {!f}
Armour
 c - a +0 buckler (worn)
 h - a scarf of resistance (worn)
   (You found it on level 4 of the Dungeon)
 q - the +18 Lear's hauberk (worn)
   (You found it on level 2 of the Dungeon)
 C - a +0 cloak of fire resistance
   (You found it in a volcano)
 E - the +1 hat of Protective Custody {rElec rF- Regen+ Int+2}
   (Okawaru gifted it to you on level 1 of the Lair of Beasts)

   Int+2:     It affects your intelligence (+2).
   rF-:       It makes you vulnerable to fire.
   rElec:     It insulates you from electricity.
   Regen+:    It increases your rate of health regeneration.
Jewellery
 f - a ring of magical power (left hand)
   (You found it on level 1 of the Dungeon)
 g - an amulet of guardian spirit (around neck)
   (You found it on level 1 of the Dungeon)
Wands
 t - a wand of flame (44)
   (You found it on level 9 of the Dungeon)
 v - a wand of mindburst (7)
   (You found it on level 1 of the Lair of Beasts)
 x - a wand of acid (11)
   (You found it on level 4 of the Dungeon)
 y - a wand of polymorph (8)
   (You found it on level 2 of the Lair of Beasts)
Scrolls
 e - 2 scrolls of fog
 n - 2 scrolls of blinking
 u - 2 scrolls of immolation {!r}
 w - 3 scrolls of identify {@r1}
Potions
 d - 5 potions of might
 j - a potion of cancellation
 k - 2 potions of ambrosia {unknown}
 l - 2 potions of attraction {!q}
 m - 2 potions of invisibility
 o - 6 potions of curing {@q1}
 p - 2 potions of haste {@q3}
 r - 2 potions of mutation {!q}
 s - 3 potions of enlightenment
 z - a potion of berserk rage {unknown}
 A - a potion of brilliance {unknown}
 F - a potion of magic {unknown}


   Skills:
 + Level 11.9(16.9) Fighting
 * Level 15.8(20.8) Axes
 + Level 11.8(16.8) Armour
 + Level 11.5(16.5) Shields
 + Level 8.6 Invocations


You had 12 spell levels left.
You didn't know any spells.
Your spell library contained the following spells:

 Spells                   Type           Power      Damage    Failure   Level
 Sandblast                Erth           0%         2d4       82%         1
 Passwall                 Tmut/Erth      0%         N/A       91%         2
 Sublimation of Blood     Necr           0%         N/A       91%         2
 Wereblood                Tmut           0%         N/A       91%         2
 Inner Flame              Hex/Fire       0%         N/A       99%         3
 Stone Arrow              Conj/Erth      0%         3d7       99%         3
 Brom's Barrelling Bould  Conj/Erth      0%         2d3       100%        4
 Flame Wave               Conj/Fire      0%         2d4       100%        4
 Passage of Golubria      Tloc           0%         N/A       100%        4
 Petrify                  Tmut/Erth      0%         N/A       100%        4
 Sticky Flame             Conj/Fire      0%         2d3       100%        4
 Alistair's Intoxication  Tmut/Pois      0%         N/A       100%        5
 Borgnjor's Vile Clutch   Necr/Erth      0%         N/A       100%        5
 Irradiate                Conj/Tmut      0%         3d11      100%        5
 Yara's Violent Unravell  Hex/Tmut       0%         3d3       100%        5
 Eringya's Noxious Bog    Tmut/Pois      0%         4d6       100%        6
 Tukima's Dance           Hex            Unusable   N/A       N/A         3
 Summon Hydra             Summ           Unusable   N/A       N/A         7

Dungeon Overview and Level Annotations

Branches:
Dungeon (10/15)            Temple (1/1) D:5            Lair (4/5) D:9
 Shoals (0/4) Lair:2       Spider (0/4) Lair:3      Volcano (visited)
  Slime: Lair:4-5       Orc: D:9-12

Altars:
Ashenzari
Cheibriados
Dithmenos
Elyvilon
Fedhas
Gozag
Hepliaklqana
Kikubaaqudgha
Makhleb
Nemelex Xobeh
Okawaru
Qazlal
Ru
Sif Muna
Trog
Uskayaw
Vehumet
Wu Jian
Xom
Yredelemnul
Zin
The Shining One

Shops:
D:2 (   D:4 [   D:6 *   D:10 *!

Portals:
Ice
Cave: Lair:4


Innate Abilities, Weirdness & Mutations

You have a pair of horns on your head.
You reflexively headbutt those who attack you in melee.


Message History

Okawaru accepts your kill.
You feel sick.
You feel sick. You block the steam dragon's attack. The steam dragon claws you.
* * * LOW HITPOINT WARNING * * *
You see here a black mamba corpse.
You puncture the steam dragon! You barely miss the steam dragon.
Your headbutt misses the steam dragon. You puncture the steam dragon!
You kill the steam dragon!
Okawaru accepts your kill.
You feel sick.
You feel sick.
You feel sick.
Saving game... please wait.
You feel a wave of frost pass over you.
There is an entrance to an ice cave on this level.
Hurry and find it before the portal melts!
You hear a distant snort.
Hark!
There is a gateway to a gauntlet on this level.
Find the entrance quickly before the gate is sealed!
Options error: Bad pregen_dungeon value: true (should be classic, false or incremental) (~/.crawlrc:2) Options error: Bad allow_self_target value: never (should be false, prompt or true) (~/.crawlrc:193) Options error: Unknown explore stop condition 'gates' (~/.crawlrc:255) Options error: Unknown explore stop condition 'gates' (~/.crawlrc:256) Options error: Unknown explore stop condition 'greedy_sacrificeable' (~/.crawlrc:256) Bad channel name 'pray' for runrest: 'pray:' Options error: Missing colour in message_colour setting: 'Shift\-Dir \- straight line' Options error: Missing colour in message_colour setting: 'f \- you' Options error: Bad channel -- pray (~/.crawlrc:4484) Options error: Bad channel -- food (~/.crawlrc:4487) Options error: Bad channel -- rotten_meat (~/.crawlrc:4504) Options error: Missing colour in message_colour setting: 'that.*feels deathly cold' Options error: Missing colour in message_colour setting: 'and you must be Full or above to equip it' Options error: Missing colour in message_colour setting: 'but rights himself reflexively soon after' Options error: Missing colour in message_colour setting: 'before it is too late' Options error: Missing colour in message_colour setting: 'Shift\-Dir \- straight line' Options error: Missing colour in message_colour setting: 'f \- you' Options error: Bad colour 'boring' in message_colour setting: 'boring:disappears without a glow' Options error: Bad colour 'boring' in message_colour setting: 'boring:disappears without a sign' Options error: Bad colour 'boring' in message_colour setting: 'boring:disappears into the void' Options error: Bad colour 'boring' in message_colour setting: 'boring:glow with a rainbow of weird colours and disappear' Options error: Bad colour 'boring' in message_colour setting: 'boring:glows slightly and disappears' Options error: Bad colour 'boring' in message_colour setting: 'boring:is slowly consumed by flames' Options error: Bad colour 'boring' in message_colour setting: 'boring:slowly burns to ash' Options error: Bad colour 'boring' in message_colour setting: 'boring:slowly crumbles into the ground' Options error: Bad colour 'boring' in message_colour setting: 'boring:shimmers? and breaks? into pieces' Options error: Bad colour 'boring' in message_colour setting: 'boring:stares at you suspiciously for a moment' Options error: Bad colour 'boring' in message_colour setting: 'boring:trembles before you' Options error: Bad colour 'boring' in message_colour setting: 'boring:You feel mildly nauseous' Options error: Bad colour 'boring' in message_colour setting: 'boring:Multicoloured lights dance around' Welcome back, DavidChitty2 the Minotaur Fighter.
Okawaru says: Bring me glory in combat!

........
........#.
...>.#.#.
.....#. ......
### #
#..#.###.# .#
##.##.#†.##.#
#.....(†.@.#
####.§#######.#
##.....# ...
####......#
.##..
#.#.......# .#
## ..........#
.# ..........#
.. ..........#
.# ............


There were no monsters in sight!

Vanquished Creatures
  4 hydras
  A catoblepas (Lair:2)
  A hell knight (Volcano)
  A salamander mystic (Volcano)
  Pikel (D:7)
  3 cyclopes (Volcano)
  2 salamanders (Volcano)
  A merfolk siren (Lair:2)
  3 black mambas
  3 molten gargoyles (Volcano)
  A gargoyle (Volcano)
  6 cane toads
  2 kobold demonologists (D:10)
  9 komodo dragons
  2 polar bears (Lair:2)
  A troll (D:9)
  Prince Ribbit (D:8)
  15 blink frogs
  A shadow (D:10)
  3 culicivoras (Lair:3)
  A vampire (D:10)
  3 wyverns
  A spriggan (Lair:2)
  31 yaks
  3 basilisks
  A steam dragon (Lair:4)
  A redback (Lair:3)
  3 water moccasins
  An ice beast (D:8)
  4 orc warriors
  4 black bears
  A sky beast (D:8)
  12 wolves
  3 centaurs
  3 kobold brigands
  A phantom (D:3)
  6 bullfrogs
  15 wights
  5 howler monkeys (D:9)
  4 hounds
  A gnoll bouda (D:7)
  3 orc priests
  2 jellies
  Crazy Yiuf (D:3)
  4 sleepcaps
  10 iguanas
  7 orc wizards
  4 gnolls (D:7)
  5 adders
  A shadow imp (D:6)
  4 ufetubi
  9 dart slugs
  4 worms
  37 orcs
  7 ball pythons
  7 bats
  9 endoplasms
  4 giant cockroaches
  10 goblins
  6 hobgoblins
  10 jackals
  5 quokkas
  3 frilled lizards (D:1)
  10 kobolds
  3 rats
330 creatures vanquished.

Vanquished Creatures (others)
  An orc wizard (D:5)
  An adder (D:5)
2 creatures vanquished.

Grand Total: 332 creatures vanquished

Notes
Turn   | Place    | Note
-------+----------+-------------------------------------------
     0 | D:1      | DavidChitty2 the Minotaur Fighter began the quest for the
                  | Orb.
     0 | D:1      | Reached XP level 1. HP: 19/19 MP: 0/0
    47 | D:1      | Reached XP level 2. HP: 21/27 MP: 1/1
    77 | D:1      | Reached skill level 3 in Axes
   399 | D:1      | Reached XP level 3. HP: 32/33 MP: 2/2
  1261 | D:2      | Reached XP level 4. HP: 40/40 MP: 3/3
  1656 | D:2      | Reached skill level 4 in Axes
  1689 | D:2      | Found the +18 Lear's hauberk
  1718 | D:2      | Found Kaseuvu's Weapon Shoppe.
  2116 | D:3      | Reached XP level 5. HP: 12/47 MP: 3/4
  2319 | D:3      | Noticed a phantom
  2331 | D:3      | Killed a phantom
  2338 | D:3      | Reached skill level 5 in Axes
  2431 | D:3      | Found a runed translucent door.
  2432 | D:3      | Noticed Crazy Yiuf
  2808 | D:3      | Killed Crazy Yiuf
  2809 | D:3      | Reached XP level 6. HP: 55/55 MP: 5/5
  2884 | D:4      | Found Sacuel's Armour Boutique.
  3032 | D:4      | Reached skill level 5 in Fighting
  3072 | D:4      | Found a bloodstained altar of Trog.
  3105 | D:4      | Found a shadowy altar of Dithmenos.
  3497 | D:4      | Reached skill level 5 in Shields
  3800 | D:5      | Entered Level 5 of the Dungeon
  3816 | D:5      | Reached skill level 5 in Armour
  4032 | D:5      | Found a staircase to the Ecumenical Temple.
  4043 | Temple   | Entered the Ecumenical Temple
  4053 | Temple   | Became a worshipper of Warmaster Okawaru
  4190 | D:5      | Noticed an orc warrior
  4209 | D:5      | Killed an orc warrior
  4210 | D:5      | Reached skill level 6 in Axes
  4210 | D:5      | Reached XP level 7. HP: 56/61 MP: 6/6
  4233 | D:5      | Reached skill level 1 in Invocations
  4716 | D:6      | Found a shimmering altar of Xom.
  4935 | D:6      | Reached * piety under Okawaru
  4936 | D:6      | Reached skill level 7 in Axes
  5210 | D:6      | Found Mudetoap's General Store.
  5373 | D:7      | Noticed Pikel
  5385 | D:7      | Killed Pikel
  5385 | D:7      | Reached ** piety under Okawaru
  5386 | D:7      | Reached skill level 8 in Axes
  5386 | D:7      | Reached XP level 8. HP: 71/71 MP: 9/9
  5973 | D:8      | Reached *** piety under Okawaru
  5992 | D:8      | Reached XP level 9. HP: 71/79 MP: 10/10
  6127 | D:8      | Noticed Prince Ribbit
  6141 | D:8      | Reached skill level 9 in Axes
  6148 | D:8      | Killed Prince Ribbit
  6515 | D:8      | Found a radiant altar of Vehumet.
  6839 | D:9      | Identified a scroll of acquirement
  6839 | D:9      | Acquired a manual of Dodging
  6844 | D:9      | Found a blossoming altar of Fedhas.
  6864 | D:9      | Reached **** piety under Okawaru
  6870 | D:9      | Reached skill level 10 in Axes
  6915 | D:9      | Reached XP level 10. HP: 84/88 MP: 12/12
  6989 | D:9      | Found a staircase to the Lair.
  7014 | D:9      | Found a basalt altar of Yredelemnul.
  7113 | D:9      | Reached ***** piety under Okawaru
  7115 | D:9      | Reached skill level 5 in Invocations
  7216 | D:9      | Identified the +9 spear of Wohoaz {spect, Int+4}
  7387 | D:10     | Entered Level 10 of the Dungeon
  7409 | D:10     | Found a stormy altar of Qazlal.
  7423 | D:10     | Found Nyudil's Distillery.
  7448 | D:10     | Found a white marble altar of Elyvilon.
  7460 | D:10     | Reached skill level 11 in Axes
  7669 | D:10     | Received a gift from Okawaru
  7684 | D:10     | Identified the +12 morningstar of Biexuzor {speed, Int+2}
  7721 | D:10     | Reached skill level 12 in Axes
  7811 | D:10     | Noticed a sun demon
  8103 | D:10     | Found Umuibb's CLEARANCE SALE!.
  8183 | Lair:1   | Entered Level 1 of the Lair of Beasts
  8184 | Lair:1   | Upgraded the game from 0.31-a0-841-g038b102fc3 to
                  | 0.31-a0-848-gaac375c287
  8246 | Lair:1   | Noticed a cane toad
  8251 | Lair:1   | Killed a cane toad
  8252 | Lair:1   | Reached XP level 11. HP: 97/97 MP: 14/14
  8300 | Lair:1   | Reached ****** piety under Okawaru
  8303 | Lair:1   | Received a gift from Okawaru
  8304 | Lair:1   | Acquired the +8 broad axe of the Devouring Gods {spect,
                  | Drain Dex+7}
  8304 | Lair:1   | Received a gift from Okawaru
  8307 | Lair:1   | Upgraded the game from 0.31-a0-848-gaac375c287 to
                  | 0.31-a0-925-g0a390f2509
  8947 | Lair:2   | Reached skill level 13 in Axes
  8973 | Lair:1   | HP: 4/99 [cane toad (10)]
  8988 | Lair:1   | Reached skill level 10 in Fighting
  9217 | Lair:1   | Reached skill level 10 in Armour
  9337 | Lair:2   | Reached skill level 10 in Shields
  9632 | Lair:2   | Noticed a catoblepas
  9641 | Lair:2   | Killed a catoblepas
  9642 | Lair:2   | Reached skill level 14 in Axes
  9752 | Lair:2   | Reached XP level 12. HP: 102/107 MP: 16/16
  9973 | Lair:2   | Found a staircase to the Shoals.
 10407 | Lair:3   | Noticed a four-headed hydra
 10409 | Lair:3   | Received a gift from Okawaru
 10426 | Lair:3   | Killed a four-headed hydra
 10522 | Lair:3   | Found a dark tunnel.
 10536 | Volcano  | Entered a volcano
 10730 | Volcano  | Noticed an orb of fire
 10752 | Volcano  | Reached skill level 15 in Axes
 10836 | Volcano  | Noticed an orb of fire
 10950 | Volcano  | Received a gift from Okawaru
 11042 | Lair:3   | Noticed a five-headed hydra
 11047 | Lair:3   | Killed a five-headed hydra
 11069 | Lair:3   | Acquired the +1 hat of Protective Custody {rElec rF- Regen+
                  | Int+2}
 11069 | Lair:3   | Received a gift from Okawaru
 11235 | Lair:3   | Found a hole to the Spider Nest.
 12213 | Lair:4   | Identified the "Lepe"
 12289 | Lair:4   | Found a frozen archway.
 12306 | Lair:4   | Reached XP level 13. HP: 117/117 MP: 18/18
 12347 | Lair:4   | Received a gift from Okawaru
 12372 | Lair:4   | Upgraded the game from 0.31-a0-925-g0a390f2509 to
                  | 0.31-a0-1009-g454b1f1e0a
 12372 | Lair:4   | Quit the game

Illustrated notes

Levels and vault maps discovered:
D:1:      minmay_arrival_jagged, layout_basic
D:2:      layout_basic, serial_shops, shop
D:3:      layout_loops_ring, uniq_crazy_yiuf_cottage
D:4:      layout_gridville, grunt_dithmenos_smoke_and_mirrors,
          overflow_temple_1_default, serial_shops, shop
D:5:      layout_basic, minmay_temple_entry_large_hall
D:6:      layout_gridville, mainiacjoe_overflow_boulevard, serial_shops,
          nicolae_shop_crystal
D:7:      layout_cave_pools, nicolae_underground_beach, uniq_pikel
D:8:      layout_basic, lemuel_crystal_altar, minmay_misc_feat_columns,
          uniq_prince_ribbit1
D:9:      layout_gridville, mainiacjoe_overflow_concentric_impassable,
          mainiacjoe_overflow_alcove_4, lair_entry_dummy
D:10:     layout_rooms, grunt_qazlal_clouds, lemuel_round_altar, serial_shops,
          shop, nicolae_shop_clearance
Temple:   nicolae_temple_great_sept
Lair:1:   wander_river, layout_chaotic_city, lemuel_fruit_tree,
          infiniplex_staircase_pool, lemuel_fruit_fields
Lair:2:   layout_regular_city, minmay_shoals_entry_lonely_mermaid,
          grunt_forest_stairs_clearing, infiniplex_staircase_pool_2
Lair:3:   beast_lair_carwin_large_3, layout_small_grid,
          spider_nest_entry_funnel_web, enter_volcano_2
Lair:4:   layout_cave_pods, slime_entry_1, gauntlet_entry_generic,
          portal_ice_cave_entry_pillars_1, minmay_shattered_shrine

Skill      XL: |  1  2  3  4  5  6  7  8  9 10 11 12 |
---------------+-------------------------------------+-----
Axes           | 3 4 5 6 8 10 12 14 15 | 15.8
Armour         | 4 5 6 8 9 10 11 | 11.8
Fighting       | 4 5 6 7 8 9 10 11 | 11.9
Shields        | 4 5 6 8 9 10 11 | 11.5
Invocations    | 2 3 4 6 7 8 |  8.6

Action                     |  1- 3 |  4- 6 |  7- 9 | 10-12 | 13-15 || total
---------------------------+-------+-------+-------+-------+-------++-------
  Melee: War axe           |    78 |   180 |   214 |    72 |       ||   544
         Headbutt          |     6 |    25 |    24 |    87 |     2 ||   144
         Morningstar       |       |       |       |   355 |    28 ||   383
 Invoke: Heroism           |       |       |     1 |     3 |     1 ||     5
         Receive Weapon    |       |       |       |     1 |       ||     1
         Finesse           |       |       |       |     2 |     1 ||     3
         Receive Armour    |       |       |       |     1 |       ||     1
    Use: Scroll            |       |     8 |     7 |     5 |       ||    20
         Potion            |       |     1 |       |     1 |       ||     2
   Stab: Invisible         |       |     2 |     2 |       |       ||     4
 Armour: Scale mail        |    54 |    25 |       |       |       ||    79
         Chain mail        |       |   125 |   243 |   400 |    41 ||   809
  Dodge: Dodged            |    36 |    75 |    93 |   167 |    14 ||   385
  Block: Buckler           |     9 |    38 |    64 |   105 |    11 ||   227

Table legend: (Time is in decaauts)
 A = Elapsed time spent in this place.
 B = Non-inter-level travel time spent in this place.
 C = Inter-level travel time spent in this place.
 D = Time resting spent in this place.
 E = Time spent auto-exploring this place.
 F = Levels seen in this place.
 G = Mean time per level.
                   A        B        C        D        E       F      G
               +--------+--------+--------+--------+--------+-----+--------+
         Total |  12356 |  11729 |    627 |    505 |   8791 |  16 |  772.2 |
       Dungeon |   8250 |   7824 |    426 |    188 |   6089 |  10 |  825.0 |
        Temple |     20 |      2 |     18 |      0 |      0 |   1 |   20.0 |
          Lair |   3635 |   3452 |    183 |    235 |   2568 |   4 |  908.8 |
       Volcano |    448 |    448 |      0 |     82 |    133 |   1 |  448.0 |
               +--------+--------+--------+--------+--------+-----+--------+

Top non-repeatable levels by time:
  Lair:3: 1443 daAuts
     D:1: 1058 daAuts
  Lair:1: 1036 daAuts
  Lair:2: 1015 daAuts
     D:2: 999 daAuts
     D:4: 956 daAuts
     D:8: 875 daAuts
     D:3: 850 daAuts
     D:5: 804 daAuts
     D:6: 765 daAuts
    D:10: 732 daAuts
     D:9: 637 daAuts
     D:7: 569 daAuts
 Volcano: 448 daAuts
  Lair:4: 139 daAuts
